 Dungeon Sprint DCSS version 0.18.1-47-g9310371 (webtiles) character file.

204 rftp080 the Cruncher (level 5, -1/30 HPs)
             Began as a Gargoyle Gladiator on June 20, 2016.
             Was an Initiate of Makhleb.
             Slain by a hill giant
             ... wielding a +0 giant club
              (14 damage)
             ... in the Dungeon (Sprint IX: "|||||||||||||||||||||||||||||").
             The game lasted 00:01:25 (241 turns).

rftp080 the Cruncher (Gargoyle Gladiator)            Turns: 241, Time: 00:01:26

Health: -1/30      AC: 21    Str: 19    XL:     5   Next: 82%
Magic:  5/5        EV:  7    Int:  8    God:    Makhleb [......]
Gold:   0          SH:  0    Dex: 17    Spells: 0 memorised, 4 levels left

rFire  . . .     SeeInvis .     a - +0 quarterstaff
rCold  . . .     Gourm    .     u - +0 plate armour
rNeg   + . .     Faith    .     (shield currently unavailable)
rPois  ∞         Spirit   .     c - +0 helmet
rElec  +         Dismiss  .     (no cloak)
rCorr  .         Reflect  .     t - +0 pair of gloves
SustAt .         Harm     .     s - +0 pair of boots
MR     .....     NoTele   +     (no amulet)
Stlth  ..........               w - +3 ring of dexterity
                                v - +3 ring of dexterity

@: very slightly contaminated, invisible, not resistant to hostile enchantments,
extremely unstealthy
A: negative energy resistance 1, electricity resistance, unbreathing,
petrification resistance, rot immunity, AC +4
a: Renounce Religion


You were in the Dungeon.
You worshipped Makhleb.
Makhleb was noncommittal.
You were not hungry.

You visited 1 branch

Inventory:

Hand Weapons
 a - a +0 quarterstaff (weapon)
 q - a +2 morningstar of protection
 r - a +4 quarterstaff of speed
Missiles
 d - 3 throwing nets (quivered)
Armour
 b - a +0 leather armour
 c - a +0 helmet (worn)
 s - a +0 pair of boots (worn)
 t - a +0 pair of gloves (worn)
 u - a +0 plate armour (worn)
Magical Staves
 p - an uncursed staff of energy
Jewellery
 v - a +3 ring of dexterity (left hand)
 w - a +3 ring of dexterity (right hand)
Wands
 o - a wand of lightning (7/15)
Scrolls
 k - 2 scrolls of blinking
 m - 3 scrolls of remove curse
 n - 2 scrolls of amnesia
Potions
 e - 5 potions of curing
 g - 3 potions of heal wounds
 h - a potion of haste
 i - 4 potions of magic
Comestibles
 f - a bread ration
 l - a chunk of flesh


   Skills:
 - Level 2.1 Fighting
 + Level 9.7 Staves
 - Level 1.7 Throwing
 + Level 7.4 Armour
 - Level 2.4 Dodging


You had 4 spell levels left.
You didn't know any spells.

Dungeon Overview and Level Annotations

Branches:
Dungeon (1/1)

Altars:
Cheibriados
Dithmenos
Elyvilon
Fedhas
Gozag
Kikubaaqudgha
Makhleb
Nemelex Xobeh
Okawaru
Pakellas
Qazlal
Ru
Sif Muna
Trog
Vehumet
Xom
Yredelemnul
Zin
The Shining One
Beogh
Jiyva
Lugonu


Innate Abilities, Weirdness & Mutations

You are resistant to torment.
Your stone body is resilient (AC +4).
You are immune to poison.
You resist negative energy.
You are resistant to electric shocks.
You can survive without breathing.
You are immune to petrification.
You are immune to rotting.


Message History

You sock the killer bee!
You kill the killer bee!
Makhleb accepts your kill.
Your Armour skill increases to level 7!
The centaur wields a shortbow.
The centaur shoots an arrow.
The arrow closely misses the adder.
The arrow hits the hill giant!
The hill giant hits you with a giant club!
The centaur shoots an arrow.
The arrow hits the adder.
There is an open door to the Dungeon here.
You hit the hill giant but do no damage.
The hill giant is lightly wounded.
The hill giant barely misses you.
You hit the hill giant.
The hill giant is lightly wounded.
The centaur shoots an arrow.
The arrow closely misses the adder.
The arrow hits the hill giant!
Your plate armour prevents you from hitting the hill giant.
The hill giant is moderately wounded.
The hill giant hits you with a giant club!
You die...

▓.▓
▓.▓
▓)▓
▓.▓
▓.▓
▓.▓
▓.▓
▓.▓
▓@▓
▓C▓
▓S▓
▓c▓
▓O▓
▓F▓
▓.▓
▓+▓


You could see a hill giant, an ogre, a giant frog, a centaur and an adder.

Vanquished Creatures
  A sky beast (D)
  A killer bee (D)
  An iguana (D)
  A worker ant (D)
  A gnoll (D)
  A dart slug (D)
  An orc (D)
  2 hobgoblins (D)
  A bat (D)
  A rat (D)
11 creatures vanquished.

Notes
Turn   | Place    | Note
--------------------------------------------------------------
     0 | D        | rftp080 the Gargoyle Gladiator began the quest for the Orb.
     0 | D        | Reached XP level 1. HP: 12/12 MP: 1/1
     8 | D        | Reached skill level 1 in Armour
    11 | D        | Reached skill level 4 in Staves
    13 | D        | Reached XP level 2. HP: 10/17 MP: 2/2
   139 | D        | Noticed a sky beast
   143 | D        | Reached skill level 5 in Staves
   143 | D        | Reached XP level 3. HP: 21/21 MP: 3/3
   147 | D        | Reached skill level 6 in Staves
   150 | D        | Reached skill level 7 in Staves
   150 | D        | Reached XP level 4. HP: 26/26 MP: 4/4
   153 | D        | Killed a sky beast
   153 | D        | Reached skill level 9 in Staves
   153 | D        | Reached XP level 5. HP: 30/30 MP: 5/5
   163 | D        | Found a glowing silver altar of Zin.
   163 | D        | Found a glowing golden altar of the Shining One.
   163 | D        | Found an ancient bone altar of Kikubaaqudgha.
   163 | D        | Found a basalt altar of Yredelemnul.
   163 | D        | Found a shimmering altar of Xom.
   163 | D        | Found a radiant altar of Vehumet.
   164 | D        | Found an iron altar of Okawaru.
   165 | D        | Found a burning altar of Makhleb.
   166 | D        | Found a deep blue altar of Sif Muna.
   167 | D        | Found a bloodstained altar of Trog.
   168 | D        | Found a sparkling altar of Nemelex Xobeh.
   169 | D        | Found a white marble altar of Elyvilon.
   170 | D        | Found a roughly hewn altar of Beogh.
   171 | D        | Found a viscous altar of Jiyva.
   172 | D        | Found a corrupted altar of Lugonu.
   173 | D        | Became a worshipper of Makhleb the Destroyer
   174 | D        | Found a blossoming altar of Fedhas.
   175 | D        | Found a snail-covered altar of Cheibriados.
   176 | D        | Found a shadowy altar of Dithmenos.
   177 | D        | Found a stormy altar of Qazlal.
   178 | D        | Found an opulent altar of Gozag.
   179 | D        | Found a sacrificial altar of Ru.
   180 | D        | Found an oddly glowing altar of Pakellas.
   231 | D        | Noticed a hill giant
   231 | D        | Noticed a centaur
   231 | D        | Noticed an ogre
   241 | D        | Slain by a hill giant

Skill      XL: |  1  2  3  4  5 |
---------------+----------------+-----
Armour         | 1 3 4 6 7 |  7.4
Staves         | 4 5 7 9 |  9.7
Fighting       | |  2.1
Throwing       | |  1.7
Dodging        | |  2.4

Action                   |  1- 3 |  4- 6 || total
-------------------------+-------+-------++-------
Melee: Quarterstaff      |    19 |    13 ||    32
  Use: Potion            |     1 |     1 ||     2
Armor: Leather armour    |     3 |       ||     3
       Plate armour      |       |     3 ||     3
Dodge: Dodged            |     8 |     8 ||    16
